 Dungeon Crawl Stone Soup version 0.23.2-33-g5129a83184 (webtiles) character file.

Game seed: 15949707291548090113

126 Gwenloh the Covered (level 4, -5/42 HPs)
             Began as a Deep Dwarf Fighter on July 17, 2019.
             Slain by a gnoll
             ... wielding a +0 halberd
              (15 damage)
             ... on level 2 of the Dungeon.
             The game lasted 00:04:01 (1437 turns).

Gwenloh the Covered (Deep Dwarf Fighter)            Turns: 1437, Time: 00:04:02

Health: -5/42      AC:  7    Str: 20    XL:     4   Next: 84%
Magic:  4/4        EV:  8    Int:  8    God:
Gold:   92         SH:  9    Dex: 13    Spells: 3/3 levels left

rFire    . . .     SeeInvis .   a - +0 war axe
rCold    . . .     Gourm    .   c - +0 shield
rNeg     . . .     Faith    .   b - +0 scale mail
rPois    .         Spirit   .   (no helmet)
rElec    .         Reflect  .   (no cloak)
rCorr    .         Harm     .   (no gloves)
MR       .....                  (no boots)
Stlth    ..........             (no amulet)
HPRegen  0.00/turn              (no ring)
MPRegen  0.09/turn              (no ring)

@: non-regenerating
A: damage resistance, heal wounds, sense surroundings 1, no regeneration
a: Heal Wounds


You were on level 2 of the Dungeon.
You were not hungry.

You visited 1 branch of the dungeon, and saw 2 of its levels.

You collected 92 gold pieces.

Inventory:

Hand Weapons
 a - a +0 war axe (weapon)
Missiles
 e - 56 stones (quivered)
Armour
 b - a +0 scale mail (worn)
 c - a +0 shield (worn)
Jewellery
 g - an uncursed ring of fire {unknown}
Scrolls
 h - a scroll of enchant armour {unknown}
 i - a scroll of amnesia {unknown}
 j - a scroll of enchant weapon {unknown}
 k - a scroll of remove curse {unknown}
 m - a scroll of blinking {unknown}
 n - 3 scrolls of identify {unknown}
 r - a scroll of teleportation {unknown}
 s - a scroll of magic mapping {unknown}
Potions
 d - a potion of might
 l - a potion of haste {unknown}
 p - a potion of lignification {unknown}
 q - 2 potions of degeneration {unknown}
 t - a potion of agility {unknown}
Comestibles
 f - 2 rations


   Skills:
 + Level 3.0 Fighting
 + Level 2.7 Axes
 * Level 4.3 Armour
 * Level 2.2 Dodging
 * Level 4.2 Shields


You had 3 spell levels left.
You didn't know any spells.
Your spell library was empty.

Dungeon Overview and Level Annotations

Branches:
Dungeon (2/15)

Altars:
Nemelex Xobeh


Innate Abilities, Weirdness & Mutations

You are resistant to damage.
You can heal yourself by infusing magical energy.
You passively map a small area around you.
You do not regenerate.


Message History

You block the gnoll's attack. x2
You slash the gnoll!
The gnoll is severely wounded.
You block the gnoll's attack.
The gnoll hits you from afar with a +0 halberd.
You are too injured to fight recklessly!
You are too injured to fight recklessly!
You are too injured to fight recklessly!
You are too injured to fight recklessly!
You are too injured to fight recklessly!
You closely miss the gnoll.
The gnoll is severely wounded.
The gnoll hits you but does no damage.
The gnoll hits you from afar with a +0 halberd!
* * * LOW HITPOINT WARNING * * *
The gnoll closely misses you.
You closely miss the gnoll.
The gnoll is severely wounded.
The gnoll hits you from afar with a +0 halberd!
You die...

' +........... ,
,....., ####....#### *
... * ##.#.# * ...
###)# ...* ####รท### *
*#g# #......# #g#
#.##.#.# *
#g########.##...#
##@#.........##..#
##..).######..##..#
#.....###.##..##..# * *
######....##)#.#......#
, ,
.........)..###.#.##.##
* ######.#..## ##.....#
#.#.#.###.#.####
#.#.##.#.##.#
#.#.........#


You could see 3 gnolls.

Vanquished Creatures
  A hound (D:2)
  Robin (D:2)
  An adder (D:2)
  A gnoll (D:2)
  An ooze (D:2)
  3 dart slugs (D:1)
  5 bats
  11 goblins
  8 hobgoblins
  6 jackals
  10 kobolds
  3 frilled lizards
  2 rats (D:1)
53 creatures vanquished.

Notes
Turn   | Place    | Note
-------+----------+-------------------------------------------
     0 | D:1      | Gwenloh the Deep Dwarf Fighter began the quest for the Orb.
     0 | D:1      | Reached XP level 1. HP: 20/20 MP: 1/1
   345 | D:1      | Reached XP level 2. HP: 27/27 MP: 2/2
   350 | D:1      | Found a sparkling altar of Nemelex Xobeh.
   479 | D:1      | Reached skill level 1 in Dodging
   712 | D:2      | Noticed Robin
   788 | D:2      | Reached XP level 3. HP: 25/33 MP: 3/3
  1057 | D:2      | Killed Robin
  1062 | D:2      | Reached XP level 4. HP: 27/40 MP: 4/4
  1437 | D:2      | Slain by a gnoll

Skill      XL: |  1  2  3  4 |
---------------+-------------+-----
Dodging        | 1 2 |  2.2
Armour         | 4 |  4.3
Shields        | 4 |  4.2
Fighting       | 3 |  3.0
Axes           | |  2.7

Action                   |  1- 3 |  4- 6 || total
-------------------------+-------+-------++-------
Melee: War axe           |    92 |    70 ||   162
  Eat: Chunk             |     1 |     1 ||     2
Armor: Scale mail        |    40 |    29 ||    69
Dodge: Dodged            |    25 |    26 ||    51
Block: Shield            |    73 |    41 ||   114
